Map: Automaton LE

Players

MaSa

  • Race: Terran Terran
  • League: Master
  • Spawn Location: 3:00

scarlett - Winner!

  • Race: Zerg Zerg
  • League: Master
  • Spawn Location: 9:00

Event: 2019 WCS Winter Americas

VOD

Have the link to the VOD?

Description

Time

  • Played on: March 23, 2019, 2:52 p.m.
  • Length: 22:32

All games in this series

Show
View Real Time Build Order
Export as new Build Order

MaSa Terran 

Build Orders:  

Get SALT Encoding   

  12  0:00  SCV  
  13  0:12  SCV  
  14  0:18  Supply Depot  
  14  0:24  SCV  
  15  0:28  Refinery  
  15  0:39  SCV  
  16  0:45  Barracks  
  16  0:51  SCV  
  17  1:03  SCV  
  18  1:16  SCV  
  20  1:32  Orbital Command, Reaper  
  20  1:47  Command Center  
  20  1:58  Factory  
  20  2:03  SCV  
  20  2:08  Barracks Reactor  
  21  2:15  SCV  
  22  2:18  Supply Depot  
  22  2:24  Refinery  
  22  2:27  SCV  
  23  2:40  SCV  
  24  2:48  Starport  
  23  2:52  SCV  
  23  2:53  Hellion x2  
  28  2:59  Barracks Tech Lab  
  28  3:09  SCV  
  29  3:20  Hellion  
  29  3:26  Hellion, SCV  
  34  3:27  Orbital Command  
  34  3:31  Medivac  
  36  3:37  Supply Depot  
  36  3:38  SCV  
  37  3:45  Marine  
  37  3:48  Stimpack  
  38  3:50  SCV  
  38  3:54  SCV  
  38  3:55  Supply Depot  
  40  4:01  Hellion  
  42  4:04  Liberator  
  42  4:05  SCV  
  42  4:07  SCV  
  42  4:17  SCV  
  42  4:20  SCV  
  47  4:29  SCV  
  48  4:32  SCV  
  48  4:37  Barracks  
  49  4:42  Factory Reactor, Barracks  
  49  4:44  SCV  
  50  4:45  SCV  
  50  4:54  Marine  
  50  4:56  SCV  
  50  4:57  SCV  
  51  5:03  Supply Depot  
  51  5:08  SCV  
  51  5:10  SCV  
  51  5:12  Marine, Starport Tech Lab  
  54  5:20  SCV  
  55  5:22  SCV  
  55  5:23  Command Center  
  55  5:31  Marine  
  55  5:32  Marine, SCV  
  55  5:33  Marine  
  55  5:34  SCV  
  47  5:44  SCV  
  47  5:45  Command Center  
  47  5:46  SCV  
  47  5:49  Marine  
  50  5:54  Combat Shield  
  50  5:56  SCV  
  50  5:57  Marine  
  52  5:58  SCV  
  52  6:01  Siege Tank  
  56  6:06  Engineering Bay  
  56  6:07  Marine, Engineering Bay  
  56  6:08  SCV  
  56  6:10  SCV  
  59  6:13  Barracks Reactor  
  59  6:14  Refinery x2  
  59  6:15  Medivac  
  59  6:18  Marine x2  
  63  6:20  SCV  
  63  6:22  Medivac, SCV  
  63  6:24  Marine  
  68  6:31  Supply Depot  
  68  6:33  SCV  
  68  6:34  Terran Infantry Armor Level 1, SCV, Terran Infantry Weapons Level 1  
  70  6:52  Marine x3, Medivac  
  70  6:53  Marine, SCV  
  70  6:54  Marine  
  78  6:57  Siege Tank  
  78  6:59  Orbital Command  
  81  7:01  SCV  
  81  7:07  Barracks x2  
  82  7:09  SCV  
  82  7:10  Marine x3  
  82  7:11  Marine, Factory  
  87  7:17  Supply Depot  
  87  7:19  SCV, Armory  
  87  7:22  Medivac  
  90  7:24  Orbital Command  
  90  7:34  Supply Depot x2  
  90  7:39  Marine x4  
  90  7:40  Marine, SCV  
  88  7:51  SCV  
  88  7:54  SCV x2  
  88  7:57  Marine x5  
  96  8:00  Factory Reactor, Barracks Reactor x2  
  96  8:02  Supply Depot  
  96  8:04  SCV  
  97  8:06  SCV  
  98  8:13  SCV  
  98  8:15  Marine x5  
  98  8:16  Widow Mine  
  98  8:17  SCV  
  98  8:18  SCV  
  108  8:20  Terran Vehicle And Ship Armor Level 1  
  108  8:27  Supply Depot  
  108  8:32  SCV  
  109  8:35  Command Center  
  109  8:37  Marine x4  
  109  8:38  Marine x2  
  109  8:40  SCV  
  109  8:41  SCV  
  117  8:45  Widow Mine x2  
  117  8:46  Widow Mine  
  123  8:54  Terran Infantry Weapons Level 2  
  123  8:55  Terran Infantry Armor Level 2  
  123  8:57  SCV  
  123  8:58  SCV  
  123  9:02  Marine x3  
  125  9:03  SCV  
  125  9:07  Widow Mine  
  125  9:09  SCV, Supply Depot, Widow Mine  
  131  9:10  Supply Depot  
  131  9:13  Medivac  
  133  9:21  Marine x2  
  133  9:22  Marine  
  133  9:23  Medivac, Missile Turret  
  133  9:25  Refinery, Missile Turret  
  133  9:26  Refinery, Drilling Claws  
  133  9:31  Widow Mine  
  134  9:34  Supply Depot  
  134  9:35  Marine x2  
  134  9:36  Marine  
  134  9:37  Sensor Tower  
  134  9:38  Concussive Shells, Marine  
  137  9:39  Marine, Missile Turret  
  137  9:43  Marine, Widow Mine x2  
  144  9:46  Medivac  
  144  9:52  Marine  
  147  9:53  Medivac  
  147  9:56  Marine x2  
  147  9:57  Marine x2  
  147  9:58  Marine x2  
  151  10:03  Orbital Command  
  151  10:06  Marine x2  
  149  10:10  Marine, Widow Mine  
  152  10:14  Marine x2  
  152  10:16  Medivac, SCV x3  
  152  10:18  Terran Vehicle And Ship Armor Level 2  
  154  10:28  Barracks  
  154  10:29  Marauder, Barracks  
  154  10:30  Barracks  
  155  10:45  Marine x5  
  155  10:46  Marine  
  155  10:47  Thor, Widow Mine x2  
  171  10:53  Marauder  
  171  10:55  Marine  
  171  10:56  Marine  
  172  11:03  Marine x6  
  166  11:06  Medivac  
  166  11:08  Widow Mine x2  
  170  11:13  Marine x2  
  170  11:15  Marauder  
  172  11:25  Supply Depot  
  172  11:28  Barracks Tech Lab  
  172  11:29  Barracks Tech Lab  
  172  11:30  Barracks Tech Lab  
  172  11:35  Marine, Supply Depot  
  172  11:36  Marine  
  172  11:45  Terran Infantry Weapons Level 3  
  172  11:46  Marine x4  
  180  11:47  Marauder x2  
  180  11:50  Widow Mine  
  180  11:56  Marine x4  
  180  11:57  Widow Mine x2  
  188  12:02  Marine  
  188  12:03  Marine  
  188  12:04  Marine x4  
  188  12:08  Marine, Marauder, Terran Infantry Armor Level 3  
  185  12:12  Widow Mine  
  185  12:14  Marine x4  
  187  12:21  Marine  
  188  12:25  Supply Depot  
  188  12:33  Marine, SCV  
  188  12:34  SCV  
  188  12:37  Marine, SCV  
  188  12:38  Marine, Widow Mine  
  188  12:40  Marine x2  
  188  12:42  Marine, Marauder x2, Widow Mine  
  188  12:43  Marine x2, Widow Mine  
  187  12:44  Marauder  
  187  12:45  Marauder  
  187  12:51  Marine  
  169  12:55  Marine x2  
  169  12:57  Marine  
  169  12:58  Marine  
  166  13:00  Marine  
  166  13:01  Marine x2  
  166  13:03  Marauder x2  
  175  13:05  Marauder  
  175  13:06  Marauder  
  175  13:08  Marine  
  168  13:13  Marine x2  
  168  13:15  Marine  
  168  13:16  Marine  
  168  13:17  Marine  
  168  13:18  Marine  
  168  13:19  Marine  
  150  13:24  Marauder x2  
  150  13:26  Marine  
  150  13:27  Marauder x2  
  131  13:31  Marine x2  
  131  13:33  Marine  
  131  13:34  Marine  
  120  13:35  Marine  
  120  13:36  Marine  
  120  13:39  Marine  
  120  13:41  SCV  
  108  13:46  Marauder x2  
  108  13:48  Marine, Marauder  
  113  13:49  Marauder, SCV  
  113  13:51  SCV  
  113  13:53  Marine  
  113  13:54  Widow Mine  
  120  13:58  Widow Mine  
  120  13:59  Medivac  
  120  14:00  Medivac  
  120  14:02  Widow Mine  
  118  14:04  SCV  
  118  14:07  Marauder  
  123  14:12  Missile Turret  
  123  14:16  Widow Mine  
  123  14:19  Marine x6, Widow Mine  
  123  14:20  Marine x3  
  134  14:25  Command Center  
  134  14:26  Marine  
  134  14:27  Marauder  
  134  14:29  Medivac, Widow Mine  
  134  14:30  Medivac  
  143  14:31  SCV  
  143  14:32  SCV  
  143  14:33  SCV x2  
  143  14:37  Marauder, Widow Mine  
  151  14:41  Widow Mine  
  151  14:42  Marine x3  
  151  14:43  Marauder, SCV  
  151  14:45  Marine x2  
  161  14:46  Marauder  
  161  14:51  Widow Mine  
  165  14:57  Marine  
  165  14:58  Marauder  
  165  14:59  Medivac  
  170  15:00  Medivac  
  170  15:02  Marine x3, Marauder  
  170  15:03  Widow Mine x2  
  170  15:06  Marine  
  183  15:07  Marine, Marauder  
  183  15:08  Marauder  
  183  15:11  Marine  
  179  15:18  Marine x2  
  179  15:19  Marauder  
  180  15:22  Marine  
  180  15:23  Marine, Marauder  
  180  15:24  Marine  
  171  15:28  Marauder  
  171  15:29  Medivac  
  171  15:30  Marine, Medivac  
  171  15:31  Marauder  
  171  15:33  Marine  
  171  15:34  SCV  
  156  15:35  SCV  
  156  15:42  Marine x2  
  143  15:43  Marauder  
  143  15:47  SCV x2  
  143  15:48  Marine  
  138  15:51  SCV  
  138  15:53  SCV  
  140  15:57  Marauder  
  140  15:59  Medivac  
  140  16:00  Marine  
  140  16:04  Marine, Widow Mine x2  
  150  16:10  SCV x2  
  152  16:13  Marine, Sensor Tower  
  153  16:19  Marine x2  
  153  16:20  SCV  
  153  16:22  Marine x2  
  153  16:25  Marine  
  155  16:27  Marine  
  155  16:29  Marine  
  155  16:31  Marine  
  157  16:35  Widow Mine  
  157  16:37  Marauder  
  157  16:39  SCV  
  162  16:42  Marauder  
  162  16:44  Widow Mine  
  162  16:46  Marine  
  167  16:52  Marine x2  
  167  16:53  Marauder, SCV  
  167  16:57  Medivac  
  167  16:59  Marauder  
  167  17:01  Marine  
  168  17:04  Marine x2  
  166  17:12  Marine x2  
  168  17:17  Marine x3, Marauder  
  171  17:26  Marine  
  171  17:27  Marine x5  
  177  17:30  Marine  
  177  17:31  Widow Mine  
  177  17:34  Planetary Fortress  
  177  17:37  Marine  
  180  17:40  SCV x2  
  183  17:45  SCV x2  
  183  17:51  Widow Mine  
  182  17:52  Widow Mine  
  188  17:58  Widow Mine  
  188  18:00  Starport  
  185  18:14  Marine x3, Marauder  
  180  18:23  Marine x2  
  180  18:24  Marine x3, Marauder  
  180  18:25  Marine  
  180  18:26  Marauder  
  164  18:31  Marine x2  
  164  18:32  Marine  
  154  18:35  Marine  
  143  18:41  Marine x3  
  143  18:43  Marauder  
  143  18:47  Marine x3, Marauder  
  143  18:49  Marine x3  
  143  18:51  Terran Ship Weapons Level 1  
  143  18:53  Marine  
  139  18:59  Marine x3  
  139  19:04  Marine  
  139  19:05  Marine, Marauder x2  
  139  19:06  Medivac  
  139  19:07  Marine x3  
  139  19:08  Marauder  
  141  19:10  Widow Mine  
  141  19:11  Marauder, SCV  
  141  19:12  SCV  
  141  19:13  SCV  
  141  19:14  SCV  
  149  19:17  Marine  
  149  19:23  SCV  
  151  19:24  Marine x2  
  151  19:25  SCV, Widow Mine  
  151  19:26  Marauder, SCV, Liberator, Widow Mine  
  159  19:34  Marine  
  159  19:36  Command Center  
  154  19:39  Marine x3  
  154  19:40  Marine, Marauder  
  162  19:46  Marine x2, Marauder  
  160  19:53  Marine x3, Marauder  
  160  19:57  Marine x2  
  155  20:01  Marauder  
  155  20:02  Marine  
  155  20:08  Marauder  
  155  20:12  Command Center  
  157  20:19  Marine, Widow Mine x2  
  157  20:20  Marauder  
  166  20:23  Thor  
  170  20:34  Viking x2  
  174  20:36  Starport Tech Lab, Starport  
  174  20:38  Marine, Marauder  
  174  20:41  Starport  
  177  20:45  Marine, Marauder  
  180  20:53  Marine x2  
  180  20:54  Marauder  
  186  20:57  Viking, Widow Mine  
  188  21:07  Marine x2  
  188  21:08  Marine, Marauder  
  193  21:12  Marine, Marauder  
  193  21:14  Marine  
  193  21:15  Marine x2, Marauder  
  193  21:16  Widow Mine  
  193  21:20  Medivac  
  193  21:23  Marauder  
  193  21:28  Marine  
  193  21:29  Marauder  
  188  21:33  Medivac x2  
  190  21:43  Marine  
  190  21:44  Marauder  
  191  21:48  Marine  
  191  21:49  Marine, Marauder  
  191  21:51  Marine, Marauder  
  190  21:56  Marauder  
  190  21:57  Marine  
  190  22:07  Marine  
  190  22:08  Marauder  
  159  22:12  Refinery  
Show
View Real Time Build Order
Export as new Build Order

scarlett Zerg - Winner!

Build Orders: Pool First, Muta Ling Bane 

Get SALT Encoding   

  12  0:00  Drone  
  13  0:13  Overlord  
  13  0:18  Drone  
  14  0:31  Drone  
  14  0:32  Drone  
  16  0:36  Drone  
  17  0:45  Extractor, Drone  
  17  0:50  Spawning Pool  
  17  0:56  Drone  
  17  1:07  Drone  
  18  1:20  Hatchery  
  18  1:23  Drone  
  18  1:37  Queen  
  18  1:39  Zergling x2  
  21  1:47  Metabolic Boost  
  21  1:53  Overlord  
  21  1:57  Zergling x2  
  22  2:13  Drone x2, Queen  
  26  2:25  Drone  
  27  2:31  Queen  
  29  2:44  Spore Crawler  
  28  2:45  Drone x4  
  28  2:48  Drone  
  33  2:55  Overlord  
  33  3:00  Drone x2  
  36  3:09  Overlord  
  36  3:11  Zergling x2  
  36  3:21  Hatchery  
  36  3:26  Drone x4  
  38  3:31  Queen  
  38  3:33  Drone  
  41  3:39  Queen  
  44  3:41  Drone  
  44  3:43  Drone  
  44  3:47  Baneling Nest  
  44  3:49  Zergling x2  
  44  3:51  Zergling x2  
  46  3:56  Zergling x2  
  46  3:58  Spine Crawler  
  46  4:00  Zergling x4  
  48  4:03  Zergling x2  
  48  4:04  Zergling x2  
  50  4:14  Drone x2  
  50  4:16  Overlord  
  51  4:25  Overlord x2  
  51  4:33  Zergling x2  
  51  4:34  Zergling x2  
  51  4:35  Baneling x4  
  53  4:40  Drone x3  
  51  4:54  Drone x7  
  58  5:00  Drone x4  
  58  5:01  Queen  
  63  5:14  Spore Crawler  
  58  5:16  Drone x6  
  62  5:24  Drone x3  
  64  5:31  Zergling x4  
  64  5:33  Zergling x2  
  67  5:36  Spore Crawler  
  67  5:37  Spore Crawler  
  61  5:44  Drone x7  
  61  5:49  Drone x2  
  69  5:55  Drone, Lair  
  70  5:59  Overlord  
  70  6:00  Drone  
  70  6:01  Extractor  
  70  6:02  Extractor, Overlord  
  69  6:07  Extractor  
  69  6:10  Drone x2  
  67  6:13  Drone x4  
  67  6:17  Drone x2  
  73  6:18  Evolution Chamber x2  
  73  6:22  Drone  
  73  6:23  Drone x2  
  74  6:30  Drone x4  
  78  6:38  Drone x2  
  78  6:39  Drone  
  81  6:40  Overlord  
  81  6:42  Drone  
  81  6:43  Drone  
  83  6:48  Drone x3, Zerg Ground Armor Level 1, Zerg Melee Weapons Level 1  
  83  6:49  Drone x2  
  83  6:52  Extractor  
  83  6:54  Extractor  
  86  6:55  Centrifical Hooks  
  86  6:56  Drone x2, Overlord  
  88  7:05  Hatchery  
  88  7:08  Zergling x10  
  88  7:11  Drone x2  
  94  7:15  Drone x2  
  94  7:20  Hatchery  
  95  7:26  Spire  
  94  7:31  Zergling x14  
  99  7:37  Zergling x8  
  100  7:46  Drone x3  
  95  7:53  Drone x2  
  95  7:57  Drone  
  95  7:58  Drone x5, Overlord  
  102  8:02  Overlord  
  102  8:12  Overlord x3  
  102  8:15  Zergling x6  
  105  8:35  Overlord x2  
  105  8:37  Zergling x12  
  105  8:38  Zergling x2  
  105  8:40  Mutalisk  
  105  8:41  Mutalisk x8  
  114  8:42  Mutalisk  
  132  8:49  Zerg Ground Armor Level 2, Zerg Melee Weapons Level 2  
  131  9:04  Zerg Flyer Weapons Level 1  
  131  9:05  Hatchery  
  131  9:06  Infestation Pit  
  129  9:11  Drone x11  
  132  9:25  Mutalisk x6  
  132  9:27  Zergling x6  
  147  9:35  Overlord  
  147  9:36  Overlord  
  147  9:37  Overlord  
  147  9:42  Zergling x14  
  154  9:46  Hive  
  154  9:53  Hatchery  
  140  10:07  Extractor  
  140  10:08  Zergling x26  
  140  10:10  Extractor  
  140  10:13  Baneling x9  
  151  10:17  Pneumatized Carapace  
  151  10:18  Overseer x2  
  151  10:26  Baneling x12  
  151  10:27  Baneling  
  151  10:33  Spine Crawler, Spore Crawler  
  151  10:34  Zergling x8  
  145  11:02  Mutalisk x5  
  144  11:04  Zergling x2  
  144  11:05  Zergling x42  
  166  11:15  Zerg Ground Armor Level 3, Zerg Melee Weapons Level 3  
  165  11:19  Adrenal Glands  
  165  11:31  Zergling x26  
  177  11:34  Ultralisk Cavern  
  174  11:42  Zerg Flyer Weapons Level 2  
  174  11:44  Baneling x4  
  174  11:45  Baneling x3  
  153  12:10  Drone  
  153  12:11  Drone x2  
  154  12:21  Chitinous Plating  
  154  12:22  Ultralisk x3  
  172  12:23  Zergling x36  
  172  12:25  Baneling  
  172  12:26  Baneling x5  
  190  12:31  Zergling x10  
  190  12:35  Baneling x7  
  174  12:47  Zergling x28  
  174  12:50  Baneling x5  
  172  13:00  Ultralisk, Zergling x8  
  139  13:28  Hatchery  
  139  13:29  Ultralisk, Zergling x22  
  130  13:45  Anabolic Synthesis  
  124  13:53  Ultralisk x2, Zergling x14  
  124  13:54  Hatchery  
  140  14:02  Zergling x4  
  133  14:03  Baneling  
  133  14:05  Infestor x3  
  139  14:10  Drone x2  
  139  14:11  Drone  
  139  14:12  Zergling x10  
  139  14:14  Baneling  
  139  14:15  Baneling x3, Overseer  
  147  14:25  Queen  
  149  14:38  Ultralisk x2  
  161  14:40  Extractor  
  161  14:44  Extractor  
  159  14:50  Corruptor x4  
  167  14:53  Greater Spire, Baneling x4  
  167  14:54  Baneling x3  
  167  15:00  Baneling x2  
  167  15:01  Baneling x4  
  165  15:13  Zergling x34  
  177  15:25  Zergling x8  
  177  15:26  Zergling x16  
  151  15:45  Ultralisk x2, Zergling x2  
  151  15:46  Ultralisk, Zergling x8  
  148  15:56  Infestor x3  
  154  16:07  Brood Lord x4  
  154  16:08  Drone  
  154  16:09  Drone x3  
  154  16:10  Drone x2  
  167  16:20  Corruptor x2  
  167  16:23  Baneling x6  
  167  16:24  Zergling x14  
  172  16:33  Queen  
  172  16:36  Corruptor x3  
  179  16:41  Corruptor  
  178  16:56  Spore Crawler  
  176  17:02  Spine Crawler  
  176  17:06  Corruptor x7  
  188  17:10  Zergling x2  
  188  17:11  Zergling x12  
  188  17:13  Drone  
  193  17:17  Queen  
  195  17:23  Zerg Flyer Weapons Level 3  
  195  17:33  Overlord  
  195  17:38  Hatchery  
  191  17:52  Hatchery  
  188  18:00  Spore Crawler  
  187  18:11  Zergling x24  
  199  18:16  Spore Crawler  
  186  18:29  Ultralisk x2  
  185  18:49  Brood Lord  
  185  18:50  Drone x2, Spine Crawler  
  187  19:02  Viper x2  
  187  19:08  Hatchery  
  197  19:10  Brood Lord x4  
  199  19:35  Extractor x2, Spine Crawler  
  199  19:36  Spore Crawler  
  199  19:38  Spore Crawler  
  191  19:43  Drone x3  
  192  19:52  Infestor x5  
  195  19:54  Burrow  
  195  19:59  Brood Lord  
  192  20:03  Spine Crawler  
  192  20:04  Spine Crawler  
  190  20:10  Drone x2  
  190  20:11  Drone x4  
  196  20:17  Overlord x2  
  196  20:18  Spore Crawler  
  196  20:20  Spore Crawler  
  194  20:21  Spore Crawler  
  193  20:28  Spine Crawler x2  
  193  20:31  Drone  
  193  20:32  Drone x4, Spore Crawler  
  193  20:34  Spine Crawler x2, Spore Crawler  
  192  20:35  Spine Crawler  
  192  20:36  Zerg Flyer Armor Level 1  
  192  20:40  Extractor  
  192  20:41  Extractor  
  189  21:03  Corruptor x5  
  196  21:22  Zergling x12  
  196  21:23  Zergling x4  
  199  21:26  Baneling x11  
  199  21:29  Drone x3  
  199  21:40  Overseer  
  195  21:48  Corruptor, Viper  
  195  21:52  Spine Crawler  
  195  21:53  Spine Crawler  
  195  21:54  Spine Crawler  
  195  21:55  Spine Crawler  
  195  21:59  Zergling x22  
  200  22:03  Overlord, Overseer  
Tags
 
Add a new tag
Caveats
  • Supply blocks, unpowered buildings, or Contaminate may cause inaccurate times.
  • Supply counts are checked every 10 seconds.